 Dungeon Crawl Stone Soup version 0.30-a0-335-ge5acde7520 (webtiles) character file.

Game seed: 8477751781715699756

25 porpoise the Poker (level 2, 0/23 HPs)
             Began as a Demonspawn Gladiator on Oct 31, 2022.
             Slain by a gnoll
             ... wielding a +0 flail
              (4 damage)
             ... on level 2 of the Dungeon.
             The game lasted 00:04:15 (970 turns).

porpoise the Poker (Demonspawn Gladiator)            Turns: 970, Time: 00:04:16

Health: 0/23       AC:  8    Str: 14    XL:     2   Next: 82%
Magic:  2/2        EV: 11    Int:  9    God:
Gold:   86         SH:  0    Dex: 14    Spells: 1/1 levels left

rFire   . . .      SeeInvis .    a - +0 trident
rCold   . . .      Faith    .    (no shield)
rNeg    . . .      Spirit   .    l - +0 ring mail
rPois   .          Reflect  .    c - +0 helmet
rElec   .          Harm     .    q - +0 cloak
rCorr   .          Rampage  .    (no gloves)
Will    .....                    k - +0 pair of boots
Stlth   +.........               (no amulet)
HPRegen 0.23/turn                (no ring)
MPRegen 0.16/turn                (no ring)

@: no status effects
A: magic regeneration
a: no special abilities


You were on level 2 of the Dungeon.
You visited 1 branch of the dungeon, and saw 2 of its levels.

You collected 86 gold pieces.

Inventory:

Hand Weapons
 a - a +0 trident (weapon)
Missiles
 d - 3 throwing nets (quivered)
 e - a javelin
Armour
 c - a +0 helmet (worn)
 k - a +0 pair of boots (worn)
 l - a +0 ring mail (worn)
 q - a +0 cloak (worn)
Jewellery
 i - an amulet of faith
Scrolls
 f - a scroll of noise {unknown}
 h - a scroll of fear {unknown}
 j - a scroll of amnesia {unknown}
 m - a scroll of acquirement {unknown}
Potions
 b - 3 potions of curing {unknown}
 g - a potion of might {unknown}
 n - a potion of mutation {unknown}
 o - a potion of flight {unknown}
 p - a potion of lignification {unknown}


   Skills:
 + Level 2.4 Fighting
 * Level 3.4 Polearms
 - Level 1.7 Throwing
 - Level 2.6 Dodging


You had one spell level left.
You didn't know any spells.
Your spell library was empty.

Dungeon Overview and Level Annotations

Branches:
Dungeon (2/15)

Altars:

Shops:
D:1 (


Innate Abilities, Weirdness & Mutations

You regenerate magic rapidly.


Message History

The worm is almost dead.
The worm bites you but does no damage.
You see here a ball python corpse.
There is an open door here.
There is a stone staircase leading up here.
You start resting.
HP restored.
Found a cloak.
You see here a +0 cloak.
q - a +0 cloak You start putting on your armour.
You continue putting on your +0 cloak. x4
You finish putting on your +0 cloak.
Found 4 stones.
b - 3 black potions (gained 2)
A gnoll comes into view. It is wielding a +0 flail.
The gnoll shouts!
A gnoll comes into view. It is wielding a +0 whip.
The gnoll shouts!
You reach to attack!
You barely miss the gnoll. You barely miss the gnoll.
You punch the gnoll, but do no damage. The gnoll hits you with a +0 flail.
You hit the gnoll.
The gnoll is moderately wounded.
The gnoll completely misses you.
You hit the gnoll but do no damage.
The gnoll is moderately wounded.
The gnoll hits you with a +0 flail!
You are too injured to fight recklessly!
You are too injured to fight recklessly!
You barely miss the gnoll.
The gnoll is moderately wounded.
The gnoll hits you with a +0 flail.
* * * LOW HITPOINT WARNING * * *
A gnoll comes into view. It is wielding a +0 flail.
You barely miss the gnoll.
The gnoll shouts!
Your punch misses the gnoll.
The gnoll is moderately wounded.
The gnoll hits you with a +0 flail.
You die...

........# ##.....##
## ##......... ..
##...)###.# ##.
##....# # #..
##.#### ###..###
##.# ...... ##.##.
#.###.#.###.##g.
......
........@gg.....
......
.#..##.#.###.##.#
...... ...... #.#
#######.#..####.###
..................#
................###
................#
.........###...##
......### #...# #


You could see 3 gnolls.

Vanquished Creatures
  A dart slug (D:1)
  3 ball pythons
  An endoplasm (D:1)
  A giant cockroach (D:1)
  3 goblins (D:1)
  A hobgoblin (D:2)
  3 kobolds (D:1)
  2 quokkas (D:1)
  4 rats (D:1)
19 creatures vanquished.

Notes
Turn   | Place    | Note
-------+----------+-------------------------------------------
     0 | D:1      | porpoise the Demonspawn Gladiator began the quest for the
                  | Orb.
     0 | D:1      | Reached XP level 1. HP: 16/16 MP: 1/1
   121 | D:1      | Reached skill level 3 in Polearms
   191 | D:1      | Gained mutation: You regenerate magic rapidly. [demonic
                  | ancestry]
   191 | D:1      | Reached XP level 2. HP: 15/22 MP: 2/2
   284 | D:1      | Found Zexif's Antique Weapon Shop.
   970 | D:2      | Slain by a gnoll

Illustrated notes

Levels and vault maps discovered:
D:1:      scummos_arrival_forest, layout_basic, serial_shops, shop
D:2:      layout_basic, basic_altar, uniq_robin

Skill      XL: |  1 |
---------------+----+-----
Polearms       | 3 |  3.4
Fighting       | |  2.4
Throwing       | |  1.7
Dodging        | |  2.6

Action                   || total
-------------------------++-------
Melee: Trident           ||    86
       Punch             ||     3
Armor: Ring mail         ||    25
       Leather armour    ||     2
Dodge: Dodged            ||    29

Table legend: (Time is in decaauts)
 A = Elapsed time spent in this place.
 B = Non-inter-level travel time spent in this place.
 C = Inter-level travel time spent in this place.
 D = Time resting spent in this place.
 E = Time spent auto-exploring this place.
 F = Levels seen in this place.
 G = Mean time per level.
                   A        B        C        D        E       F      G
               +--------+--------+--------+--------+--------+-----+--------+
         Total |    981 |    961 |     20 |     93 |    581 |   2 |  490.5 |
       Dungeon |    981 |    961 |     20 |     93 |    581 |   2 |  490.5 |
               +--------+--------+--------+--------+--------+-----+--------+

Top non-repeatable levels by time:
     D:1: 679 daAuts
     D:2: 301 daAuts
